 Dungeon Crawl Stone Soup version 0.20-a0-957-g47ad1fd (webtiles) character file.

84 Lifeless the Skirmisher (level 4, -2/37 HPs)
             Began as a Human Abyssal Knight on Apr 5, 2017.
             Was a Follower of Lugonu.
             Killed from afar by an orc wizard (7 damage)
             ... with a magic dart
             ... on level 3 of the Dungeon.
             The game lasted 00:07:29 (2308 turns).

Lifeless the Skirmisher (Human Abyssal Knight)      Turns: 2308, Time: 00:07:31

Health: -2/37      AC:  7    Str: 13    XL:     4   Next: 74%
Magic:  5/5        EV: 11    Int: 13    God:    Lugonu [*.....]
Gold:   156        SH:  3    Dex: 12    Spells: 3/3 levels left

rFire    . . .     SeeInvis .   a - +1 falchion
rCold    . . .     Gourm    .   o - +0 buckler
rNeg     . . .     Faith    .   b - +0 leather armour
rPois    .         Spirit   .   m - +0 helmet
rElec    .         Reflect  .   u - +0 cloak
rCorr    .         Harm     .   (no gloves)
MR       .....                  (no boots)
Stlth    +.........             (no amulet)
Regen    0.2/turn               i - +2 ring of protection
MPRegen  0.1/turn               (no ring)

@: no status effects
A: no striking features
a: Depart the Abyss, Renounce Religion


You were on level 3 of the Dungeon.
You worshipped Lugonu.
Lugonu was aware of your devotion.
You were hungry.

You visited 1 branch of the dungeon, and saw 3 of its levels.
You visited the Abyss 1 time.

You collected 156 gold pieces.

Inventory:

Hand Weapons
 a - a +1 falchion (weapon)
Armour
 b - a +0 leather armour (worn)
 m - a +0 helmet (worn)
 o - a +0 buckler (worn)
 r - a scarf of cold resistance
 u - a +0 cloak (worn)
Jewellery
 i - a +2 ring of protection (left hand)
Wands
 l - a wand of lightning (8/15)
Scrolls
 d - 5 scrolls of teleportation {unknown}
 g - 4 scrolls of remove curse {unknown}
 h - a scroll of recharging {unknown}
 j - 8 scrolls of identify {unknown}
 n - a scroll of random uselessness {unknown}
 p - 2 scrolls of enchant armour {unknown}
 v - a scroll of amnesia {unknown}
Potions
 e - a potion of mutation {unknown}
 k - 4 potions of heal wounds {unknown}
 q - a potion of curing {unknown}
 s - a potion of cancellation {unknown}
 t - a potion of lignification {unknown}
Comestibles
 c - a bread ration
 f - 2 royal jellies


   Skills:
 * Level 4.0 Fighting
 * Level 2.7 Long Blades
 + Level 2.6 Armour
 + Level 1.7 Dodging
 + Level 2.0 Invocations


You had 3 spell levels left.
You didn't know any spells.

Dungeon Overview and Level Annotations

Branches:
Dungeon (3/15)

Altars:
Ashenzari
Okawaru


Message History

You slash the orc!
You kill the orc!
Lugonu accepts your kill.
You hear some strange, mumbled words.
A puff of frost appears from out of thin air!
The puff of frost hits you! Something hits you but does no damage.
Something hits you but does no damage.
You hear some strange, mumbled words.
A puff of frost appears from out of thin air!
The puff of frost hits you!
* * * LOW HITPOINT WARNING * * *
There is a stone staircase leading up here.
You hear some strange, mumbled words.
A puff of frost appears from out of thin air!
The puff of frost hits you!
* * * LOW HITPOINT WARNING * * *
You hear some strange, mumbled words.
A magic dart appears from out of thin air!
The magic dart hits you!
You die...

.#..o.###.##.### #....#
....o...#..#.# #.#..##
...##.#......# #.#...##
#####.######.### #.###..#
...##.######)..###.# ####
...##..........#...#
...###########....###
.......#.....#.#....#
................@..<#
....................#
....................#
...............####.# #####
...............# #.# #...#
#.#............# #.####...#
._............## #........#
#.#....#.....###########...#
...........................#


There were no monsters in sight!

Vanquished Creatures
  2 adders (D:2)
  An ooze (D:2)
  A dart slug (D:2)
  3 leopard geckos
  2 orcs (D:3)
  3 giant cockroaches
  10 goblins
  5 hobgoblins
  7 jackals
  6 kobolds
  2 bats
  3 frilled lizards
  4 rats
49 creatures vanquished.

Notes
Turn   | Place    | Note
-------+----------+-------------------------------------------
     0 | Abyss:1  | Lifeless the Human Abyssal Knight began the quest for the Orb.
     0 | Abyss:1  | Reached XP level 1. HP: 18/18 MP: 2/2
    64 | Abyss:1  | Noticed a thrashing horror
    65 | D:1      | Escaped the Abyss
   227 | D:1      | Reached XP level 2. HP: 24/24 MP: 3/3
   587 | D:1      | Reached XP level 3. HP: 26/29 MP: 4/4
   588 | D:1      | Reached * piety under Lugonu
  1556 | D:2      | Reached XP level 4. HP: 37/37 MP: 5/5
  1680 | D:2      | Found an iron altar of Okawaru.
  1862 | D:3      | Reached skill level 4 in Fighting
  2025 | D:3      | Found a shattered altar of Ashenzari.
  2308 | D:3      | Killed from afar by an orc wizard

Vault maps used:
D:1:      lemuel_arrival_rhombus
D:2:      kennysheep_okawaru_gauntlet
D:3:      ashenzari_altar_1

Skill      XL: |  1  2  3  4 |
---------------+-------------+-----
Fighting       | 4 |  4.0
Long Blades    | |  2.7
Armour         | |  2.6
Dodging        | |  1.7
Invocations    | |  2.0

Action                   |  1- 3 |  4- 6 || total
-------------------------+-------+-------++-------
Melee: Falchion          |    67 |    67 ||   134
Invok: Depart the Abyss  |     1 |       ||     1
  Eat: Chunk             |     1 |     3 ||     4
Armor: Leather armour    |     9 |    19 ||    28
Dodge: Dodged            |    36 |    37 ||    73
Block: Buckler           |     2 |    10 ||    12
       Rpst.: Falchion   |    10 |    13 ||    23
